 Dungeon Crawl Stone Soup version 0.30-a0-575-g6f4a10e2d2 (webtiles) character file.

Game seed: 18102323573453443372

14 M4edhros the Charlatan (level 2, -1/18 HPs)
             Began as an Octopode Artificer on Dec 30, 2022.
             Shot with a sling bullet by a goblin (3 damage)
             ... on level 4 of the Dungeon.
             The game lasted 00:00:58 (245 turns).

M4edhros the Charlatan (Octopode Artificer)          Turns: 245, Time: 00:00:59

Health: -1/18      AC:  1    Str: 11    XL:     2   Next: 41%
Magic:  2/2        EV: 11    Int: 13    God:
Gold:   62         SH:  7    Dex: 12    Spells: 1/1 levels left

rFire   . . .      SeeInvis .      - Unarmed
rCold   . . .      Faith    .    e - +0 kite shield
rNeg    . . .      Spirit   .    (helmet restricted)
rPois   .          Reflect  .    (no amulet)
rElec   .          Harm     .    (no ring)
rCorr   .          Rampage  .    (no ring)
Will    .....                    (no ring)
Stlth   +++                      (no ring)
HPRegen 0.23/turn                (no ring)
MPRegen 0.08/turn                (no ring)
                                 (no ring)
                                 (no ring)

@: no status effects
A: almost no armour, amphibious, 8 rings, camouflage 1, gelatinous body 1,
(nimble swimmer 1), tentacles
a: no special abilities


You were on level 4 of the Dungeon.
You visited 1 branch of the dungeon, and saw 4 of its levels.

You collected 62 gold pieces.

Inventory:

Armour
 e - a +0 kite shield (worn)
Wands
 b - a wand of flame (15) (quivered)
 c - a wand of charming (10)
 d - a wand of iceblast (5)
Scrolls
 a - a scroll of acquirement {unknown}
 f - a scroll of amnesia {unknown}
 g - a scroll of fear {unknown}


   Skills:
 - Level 1.0 Fighting
 + Level 2.5 Dodging
 - Level 1.4 Stealth
 * Level 1.0 Shields
 * Level 1.1 Unarmed Combat
 - Level 3.3 Evocations


You had one spell level left.
You didn't know any spells.
Your spell library was empty.

Dungeon Overview and Level Annotations

Branches:
Dungeon (4/15)
 Temple: D:4-7

Altars:


Innate Abilities, Weirdness & Mutations

You cannot wear most types of armour.
You are amphibious.
You can wear up to eight rings at the same time.
Your skin changes colour to match your surroundings (Stealth+).
Your rubbery body absorbs attacks. (AC +1, EV +1)
((You are camouflaged when in or above water. (Stealth+)))
You have tentacles for arms and can constrict up to eight enemies at once.


Message History

* * * LOW HITPOINT WARNING * * *
Aiming: Charm
Press: ? - help, Shift-Dir - straight line, f - orc
Aim: an orc, wielding a +0 hand axe and quivering boomerangs (chance to affect: 73%)
The orc is charmed.
The giant cockroach bites you.
* * * LOW HITPOINT WARNING * * *
The ball python barely misses your orc. The ball python misses your orc.
The orc throws a boomerang.
The boomerang closely misses your orc. The boomerang completely misses you.
The orc closely misses you.
The orc hits your orc with a +0 hand axe.
The goblin shoots a sling bullet.
The sling bullet completely misses you.
You aren't carrying any potions.
Aiming: Charm
Press: ? - help, Shift-Dir - straight line, f - orc
Aim: an orc, wielding a +0 hand axe and quivering boomerangs (chance to affect: 73%)
The orc is charmed.
The giant cockroach bites you.
* * * LOW HITPOINT WARNING * * *
The ball python bites your orc but does no damage.
The ball python grabs your orc. The ball python constricts your orc.
The orc hits your orc with a +0 dagger.
Your orc dies!
The goblin shoots a sling bullet.
The sling bullet closely misses you.
The giant cockroach waves its antennae.
You block the giant cockroach's attack.
You tentacle-slap the ball python. Your grab misses the ball python.
The ball python is heavily wounded.
The orc hits your orc with a +0 dagger.
Your orc hits the ball python with a +0 hand axe.
The ball python dies!
Your orc barely misses the orc.
The goblin shoots a sling bullet.
The sling bullet barely misses you. The giant cockroach bites you.
* * * LOW HITPOINT WARNING * * *
Your Shields skill increases to level 1!
You barely miss the giant cockroach. You grab the giant cockroach.
You squeeze the giant cockroach.
The giant cockroach is moderately wounded.
You constrict the giant cockroach, but do no damage.
Your orc hits the orc with a +0 hand axe.
The goblin shoots a sling bullet.
The sling bullet hits you.
You die...

.## .. ###
..### # #.#
.....
#.#.g......
##.##.#.#......
.......)o......
#.!@o.#
#..)B......
#...##.###.
...... ..
##...## ## ##..
#.. ...


You could see an orc, a giant cockroach (ally target), a goblin and a friendly
orc (charmed).

Vanquished Creatures
  An orc (D:4)
  A ball python (D:1)
  A bat (D:2)
  An endoplasm (D:1)
  A giant cockroach (D:2)
  A hobgoblin (D:2)
  3 kobolds
9 creatures vanquished.

Vanquished Creatures (collateral kills)
  A ball python (D:4)
  A kobold (D:4)
2 creatures vanquished.

Vanquished Creatures (others)
  An adder (D:4)
  An orc (D:4)
2 creatures vanquished.

Grand Total: 13 creatures vanquished

Notes
Turn   | Place    | Note
-------+----------+-------------------------------------------
     0 | D:1      | M4edhros the Octopode Artificer began the quest for the
                  | Orb.
     0 | D:1      | Reached XP level 1. HP: 13/13 MP: 1/1
   158 | D:2      | Reached XP level 2. HP: 18/18 MP: 2/2
   211 | D:3      | Reached skill level 1 in Unarmed Combat
   245 | D:4      | Reached skill level 1 in Shields
   245 | D:4      | Shot with a sling bullet by a goblin

Illustrated notes

Levels and vault maps discovered:
D:1:      lemuel_arrival_behind_the_door_large, layout_basic
D:2:      layout_basic, nrook_mini_vaults, chequers_serial_rivers_large_a,
          dreamdust_wishing_well
D:3:      layout_rooms, uniq_sigmund
D:4:      layout_basic, mainiacjoe_overflow_concentric_impassable,
          minmay_temple_entry_overgrown, cheibrodos_sewer_entry_bend,
          nicolae_wormholes

Skill      XL: |  1  2 |
---------------+-------+-----
Unarmed Combat | 1 |  1.1
Shields        | 1 |  1.0
Fighting       | |  1.0
Dodging        | |  2.5
Stealth        | |  1.4
Evocations     | |  3.3

Action                   || total
-------------------------++-------
Melee: Unarmed           ||    23
       Constrict         ||     7
       Tentacles         ||     8
Evoke: Wand              ||     5
Armor: Skin              ||     2
Dodge: Dodged            ||    19
Block: Kite shield       ||    12

Table legend: (Time is in decaauts)
 A = Elapsed time spent in this place.
 B = Non-inter-level travel time spent in this place.
 C = Inter-level travel time spent in this place.
 D = Time resting spent in this place.
 E = Time spent auto-exploring this place.
 F = Levels seen in this place.
 G = Mean time per level.
                   A        B        C        D        E       F      G
               +--------+--------+--------+--------+--------+-----+--------+
         Total |    247 |    208 |     39 |      0 |    120 |   4 |   61.8 |
       Dungeon |    247 |    208 |     39 |      0 |    120 |   4 |   61.8 |
               +--------+--------+--------+--------+--------+-----+--------+

Top non-repeatable levels by time:
     D:1: 136 daAuts
     D:3: 50 daAuts
     D:2: 45 daAuts
     D:4: 13 daAuts
